2994 views
Uploaded 2020-02-09 16:52:36
Game version 1.32 / 1.32.1
60:54 long 3on3 ladder game on (8)Mur'gulOasis_LV
Saved by BEARAND
2994 views
Uploaded 2020-02-09 16:52:36
Game version 1.32 / 1.32.1
60:54 long 3on3 ladder game on (8)Mur'gulOasis_LV


119 units @ 14.6k
/ 1.6k
371 buildings @ 19.6k
/ 10.2k



| Scroll of Regeneration | 2 | 200 |
| Potion of Healing | 2 | 300 |
| Staff of Sanctuary | 4 | 1000 |
| Orb of Fire | 2 | 650 |
| Staff of Teleportation | 3 | 450 |
| Boots of Speed | 2 | 500 |
| total: | 15 | 3100g |
| Peasant | 36 | 2700 | / | 0 |
| Dragonhawk Rider | 12 | 2400 | / | 360 |
| Spell Breaker | 4 | 860 | / | 120 |
| Sorceress | 1 | 155 | / | 20 |
| Priest | 3 | 405 | / | 30 |
| Gryphon Rider | 3 | 840 | / | 210 |
| total: | 59 | 7360g | / | 740w |
| Scout Tower | 134 | 4020 | / | 2680 |
| Arcane Tower | 2 | 140 | / | 100 |
| Guard Tower | 47 | 3290 | / | 2350 |
| Altar of Kings | 2 | 360 | / | 100 |
| Farm | 20 | 1600 | / | 400 |
| Lumber Mill | 3 | 360 | / | 0 |
| Town Hall | 3 | 1155 | / | 615 |
| Arcane Vault | 2 | 260 | / | 60 |
| Blacksmith | 1 | 140 | / | 60 |
| Barracks | 1 | 160 | / | 60 |
| Arcane Sanctum | 2 | 300 | / | 280 |
| Gryphon Aviary | 3 | 420 | / | 450 |
| Keep | 2 | 640 | / | 420 |
| Castle | 2 | 720 | / | 420 |
| total: | 171 | 8775g | / | 4705w |
| 0:01 | Peasant |
| 0:05 | Altar of Kings |
| 0:10 | Peasant |
| 0:17 | Farm |
| 0:20 | Peasant |
| 0:39 | Peasant |
| 0:56 | Lumber Mill |
| 1:02 | Peasant |
| 1:09 | Peasant |
| 1:19 | Scout Tower |
| 1:22 | Peasant |
| 1:27 | Peasant |
| 1:41 | Farm |
| 1:58 | Peasant |
| 2:06 | Scout Tower |
| 2:15 | Scout Tower |
| 2:22 | Peasant |
| 2:28 | Scout Tower |
| 2:32 | Arcane Tower |
| 2:33 | Scout Tower |
| 2:49 | Guard Tower |
| 2:50 | Scout Tower |
| 2:57 | Arcane Tower |
| 2:58 | Peasant |
| 2:59 | Peasant |
| 3:02 | Blizzard |
| 3:42 | Guard Tower |
| 3:43 | Scout Tower |
| 3:44 | Scout Tower |
| 3:45 | Scout Tower |
| 4:10 | Peasant |
| 4:10 | Peasant |
| 4:33 | Guard Tower |
| 4:36 | Scout Tower |
| 4:41 | Keep |
| 5:08 | Staff of Teleportation |
| 5:09 | Boots of Speed |
| 5:13 | Guard Tower |
| 5:17 | Scout Tower |
| 5:19 | Scout Tower |
| 5:19 | Scout Tower |
| 5:21 | Scout Tower |
| 5:22 | Scout Tower |
| 5:58 | Guard Tower |
| 6:44 | Town Hall |
| 7:07 | Guard Tower |
| 7:10 | Lumber Mill |
| 7:12 | Brilliance Aura |
| 7:28 | Arcane Vault |
| 7:31 | Improved Masonry |
| 7:40 | Scout Tower |
| 7:40 | Scout Tower |
| 7:41 | Scout Tower |
| 7:42 | Scout Tower |
| 7:55 | Farm |
| 7:56 | Farm |
| 7:58 | Farm |
| 8:17 | Improved Lumber Harvesting |
| 8:19 | Peasant |
| 8:21 | Guard Tower |
| 8:31 | Cluster Rockets |
| 8:40 | Guard Tower |
| 8:43 | Scout Tower |
| 8:45 | Scout Tower |
| 9:21 | Guard Tower |
| 9:23 | Scout Tower |
| 9:23 | Scout Tower |
| 9:28 | Castle |
| 9:29 | Advanced Masonry |
| 9:40 | Guard Tower |
| 10:05 | Scout Tower |
| 10:06 | Scout Tower |
| 10:24 | Scroll of Regeneration |
| 10:38 | Potion of Healing |
| 10:59 | Arcane Sanctum |
| 11:12 | Guard Tower |
| 11:16 | Scout Tower |
| 11:16 | Scout Tower |
| 11:17 | Scout Tower |
| 11:17 | Scout Tower |
| 12:23 | Potion of Healing |
| 13:13 | Staff of Sanctuary |
| 13:18 | Orb of Fire |
| 13:18 | Scroll of Regeneration |
| 13:25 | Imbued Masonry |
| 13:27 | Magic Sentry |
| 13:45 | Guard Tower |
| 13:57 | Staff of Sanctuary |
| 14:26 | Holy Light |
| 14:33 | Scout Tower |
| 14:35 | Scout Tower |
| 14:36 | Scout Tower |
| 14:49 | Staff of Sanctuary |
| 14:53 | Scout Tower |
| 14:54 | Scout Tower |
| 14:55 | Scout Tower |
| 14:55 | Scout Tower |
| 14:57 | Scout Tower |
| 14:58 | Scout Tower |
| 15:00 | Scout Tower |
| 15:01 | Scout Tower |
| 15:02 | Scout Tower |
| 15:02 | Scout Tower |
| 15:03 | Scout Tower |
| 15:03 | Scout Tower |
| 15:04 | Scout Tower |
| 15:04 | Scout Tower |
| 15:09 | Advanced Lumber Harvesting |
| 15:13 | Guard Tower |
| 15:21 | Orb of Fire |
| 15:54 | Guard Tower |
| 16:07 | Scout Tower |
| 16:07 | Scout Tower |
| 16:08 | Scout Tower |
| 16:08 | Scout Tower |
| 16:09 | Scout Tower |
| 16:10 | Scout Tower |
| 16:10 | Scout Tower |
| 16:10 | Scout Tower |
| 16:51 | Blizzard |
| 17:41 | Guard Tower |
| 17:49 | Guard Tower |
| 17:51 | Scout Tower |
| 17:52 | Scout Tower |
| 17:53 | Scout Tower |
| 17:53 | Scout Tower |
| 17:54 | Scout Tower |
| 17:55 | Scout Tower |
| 17:55 | Scout Tower |
| 17:55 | Scout Tower |
| 18:13 | Scout Tower |
| 18:15 | Scout Tower |
| 18:15 | Scout Tower |
| 18:16 | Scout Tower |
| 18:19 | Guard Tower |
| 18:22 | Peasant |
| 18:22 | Peasant |
| 18:31 | Scout Tower |
| 18:46 | Guard Tower |
| 18:48 | Peasant |
| 18:48 | Peasant |
| 18:50 | Peasant |
| 18:50 | Peasant |
| 19:02 | Guard Tower |
| 19:15 | Scout Tower |
| 19:16 | Scout Tower |
| 19:17 | Scout Tower |
| 19:17 | Scout Tower |
| 19:24 | Guard Tower |
| 19:26 | Scout Tower |
| 19:27 | Scout Tower |
| 19:28 | Scout Tower |
| 19:38 | Divine Shield |
| 19:41 | Engineering Upgrade |
| 19:45 | Guard Tower |
| 19:46 | Guard Tower |
| 19:48 | Scout Tower |
| 19:49 | Scout Tower |
| 19:50 | Scout Tower |
| 19:50 | Scout Tower |
| 19:51 | Scout Tower |
| 20:00 | Staff of Teleportation |
| 20:02 | Boots of Speed |
| 20:48 | Guard Tower |
| 21:16 | Guard Tower |
| 21:44 | Guard Tower |
| 21:45 | Guard Tower |
| 21:47 | Town Hall |
| 21:58 | Guard Tower |
| 21:59 | Peasant |
| 22:00 | Peasant |
| 22:02 | Peasant |
| 22:02 | Peasant |
| 22:07 | Scout Tower |
| 22:07 | Scout Tower |
| 22:08 | Scout Tower |
| 22:08 | Scout Tower |
| 22:09 | Scout Tower |
| 22:09 | Scout Tower |
| 22:10 | Scout Tower |
| 22:10 | Scout Tower |
| 22:10 | Scout Tower |
| 22:11 | Scout Tower |
| 22:15 | Peasant |
| 22:15 | Peasant |
| 22:20 | Guard Tower |
| 22:23 | Guard Tower |
| 22:28 | Scout Tower |
| 22:29 | Scout Tower |
| 22:29 | Scout Tower |
| 22:30 | Scout Tower |
| 22:35 | Scout Tower |
| 22:36 | Scout Tower |
| 22:36 | Scout Tower |
| 22:36 | Scout Tower |
| 22:37 | Guard Tower |
| 22:39 | Scout Tower |
| 22:39 | Scout Tower |
| 23:17 | Guard Tower |
| 23:36 | Guard Tower |
| 23:38 | Altar of Kings |
| 24:01 | Guard Tower |
| 24:10 | Scout Tower |
| 24:10 | Scout Tower |
| 24:10 | Scout Tower |
| 24:23 | Scout Tower |
| 24:24 | Scout Tower |
| 24:24 | Scout Tower |
| 24:25 | Scout Tower |
| 24:26 | Scout Tower |
| 24:27 | Scout Tower |
| 24:46 | Guard Tower |
| 24:48 | Lumber Mill |
| 24:52 | Staff of Sanctuary |
| 25:17 | Guard Tower |
| 25:21 | Scout Tower |
| 25:21 | Scout Tower |
| 25:22 | Scout Tower |
| 25:23 | Scout Tower |
| 25:27 | Farm |
| 25:28 | Farm |
| 25:29 | Farm |
| 25:29 | Farm |
| 25:31 | Staff of Teleportation |
| 25:59 | Guard Tower |
| 26:05 | Guard Tower |
| 26:06 | Peasant |
| 26:06 | Peasant |
| 26:06 | Peasant |
| 26:13 | Guard Tower |
| 26:33 | Guard Tower |
| 26:36 | Peasant |
| 26:38 | Holy Light |
| 26:41 | Scout Tower |
| 26:42 | Scout Tower |
| 26:43 | Scout Tower |
| 26:44 | Scout Tower |
| 26:44 | Scout Tower |
| 26:45 | Scout Tower |
| 26:45 | Scout Tower |
| 26:46 | Scout Tower |
| 27:12 | Guard Tower |
| 27:14 | Peasant |
| 27:14 | Peasant |
| 27:27 | Guard Tower |
| 27:31 | Peasant |
| 27:42 | Guard Tower |
| 27:44 | Scout Tower |
| 27:44 | Scout Tower |
| 27:45 | Scout Tower |
| 27:45 | Scout Tower |
| 27:47 | Scout Tower |
| 27:48 | Scout Tower |
| 27:48 | Scout Tower |
| 27:48 | Scout Tower |
| 29:06 | Guard Tower |
| 29:19 | Scout Tower |
| 29:19 | Scout Tower |
| 29:20 | Scout Tower |
| 29:21 | Keep |
| 30:18 | Town Hall |
| 30:51 | Blacksmith |
| 31:43 | Guard Tower |
| 31:48 | Scout Tower |
| 31:53 | Scout Tower |
| 31:57 | Peasant |
| 31:57 | Peasant |
| 32:40 | Guard Tower |
| 32:42 | Iron Plating |
| 32:43 | Arcane Sanctum |
| 32:46 | Guard Tower |
| 32:50 | Castle |
| 32:56 | Farm |
| 32:56 | Farm |
| 32:58 | Gryphon Aviary |
| 33:28 | Scout Tower |
| 33:37 | Studded Leather Armor |
| 34:38 | Guard Tower |
| 34:41 | Arcane Vault |
| 34:44 | Reinforced Leather Armor |
| 34:47 | Priest Adept Training |
| 34:49 | Farm |
| 34:52 | Gryphon Aviary |
| 34:54 | Gryphon Aviary |
| 35:44 | Dragonhawk Rider |
| 35:45 | Dragonhawk Rider |
| 35:50 | Barracks |
| 35:52 | Spell Breaker |
| 36:51 | Sorceress Adept Training |
| 36:51 | Sorceress |
| 37:25 | Dragonhawk Rider |
| 37:32 | Animal War Training |
| 37:51 | Control Magic |
| 40:29 | Dragonhide Armor |
| 40:33 | Priest Master Training |
| 41:05 | Dragonhawk Rider |
| 41:19 | Dragonhawk Rider |
| 41:22 | Priest |
| 41:39 | Farm |
| 41:40 | Farm |
| 42:01 | Priest |
| 42:03 | Farm |
| 42:04 | Farm |
| 42:08 | Dragonhawk Rider |
| 42:17 | Farm |
| 42:18 | Farm |
| 42:18 | Farm |
| 42:20 | Dragonhawk Rider |
| 42:22 | Dragonhawk Rider |
| 42:41 | Spell Breaker |
| 42:43 | Dragonhawk Rider |
| 42:45 | Farm |
| 43:10 | Dragonhawk Rider |
| 43:11 | Dragonhawk Rider |
| 45:10 | Brilliance Aura |
| 45:12 | Cluster Rockets |
| 45:14 | Divine Shield |
| 45:46 | Priest |
| 46:18 | Cloud |
| 46:21 | Dragonhawk Rider |
| 46:43 | Iron Forged Swords |
| 48:37 | Spell Breaker |
| 55:21 | Gryphon Rider |
| 55:25 | Black Gunpowder |
| 55:26 | Steel Forged Swords |
| 55:47 | Engineering Upgrade |
| 56:16 | Gryphon Rider |
| 56:16 | Storm Hammers |
| 57:05 | Blizzard |
| 58:02 | Gryphon Rider |
| 58:38 | Spell Breaker |
| 60:26 | Holy Light |
| Right click | 4422 |
| Select group | 2047 |
| Select | 1350 |
| Build/train/purchase | 263 |
| Assign group | 247 |
| Use ability | 172 |
| Resource trade | 35 |
| Minimap ping | 33 |
| Misc. action | 22 |
| Item give/drop | 10 |
| Remove unit | 1 |
| Esc | 1 |
BEARAND
(60:50) : 

| Potion of Healing | 3 | 450 |
| Staff of Sanctuary | 2 | 500 |
| Potion of Mana | 1 | 200 |
| Boots of Speed | 2 | 500 |
| Staff of Teleportation | 2 | 300 |
| total: | 10 | 1950g |
| Peasant | 25 | 1875 | / | 0 |
| Priest | 1 | 135 | / | 10 |
| Gryphon Rider | 12 | 3360 | / | 840 |
| Dragonhawk Rider | 1 | 200 | / | 30 |
| total: | 39 | 5570g | / | 880w |
| Scout Tower | 80 | 2400 | / | 1600 |
| Arcane Tower | 4 | 280 | / | 200 |
| Guard Tower | 41 | 2870 | / | 2050 |
| Altar of Kings | 1 | 180 | / | 50 |
| Farm | 8 | 640 | / | 160 |
| Lumber Mill | 1 | 120 | / | 0 |
| Arcane Vault | 2 | 260 | / | 60 |
| Blacksmith | 1 | 140 | / | 60 |
| Barracks | 1 | 160 | / | 60 |
| Town Hall | 3 | 1155 | / | 615 |
| Arcane Sanctum | 1 | 150 | / | 140 |
| Gryphon Aviary | 2 | 280 | / | 300 |
| Keep | 1 | 320 | / | 210 |
| Castle | 1 | 360 | / | 210 |
| total: | 100 | 5485g | / | 3045w |
| 0:05 | Peasant |
| 0:05 | Peasant |
| 0:09 | Altar of Kings |
| 0:16 | Peasant |
| 0:22 | Farm |
| 0:26 | Peasant |
| 0:29 | Farm |
| 0:34 | Scout Tower |
| 0:34 | Peasant |
| 0:51 | Peasant |
| 0:54 | Peasant |
| 1:07 | Peasant |
| 1:09 | Lumber Mill |
| 1:16 | Peasant |
| 1:30 | Scout Tower |
| 1:40 | Peasant |
| 1:40 | Peasant |
| 1:42 | Peasant |
| 1:49 | Scout Tower |
| 1:56 | Scout Tower |
| 1:57 | Arcane Tower |
| 2:15 | Blizzard |
| 2:18 | Guard Tower |
| 2:23 | Guard Tower |
| 2:26 | Scout Tower |
| 2:28 | Peasant |
| 2:28 | Peasant |
| 2:42 | Scout Tower |
| 2:44 | Peasant |
| 2:44 | Peasant |
| 2:58 | Guard Tower |
| 3:00 | Scout Tower |
| 3:03 | Scout Tower |
| 3:22 | Guard Tower |
| 3:24 | Scout Tower |
| 3:27 | Scout Tower |
| 3:29 | Peasant |
| 3:41 | Boots of Speed |
| 3:41 | Staff of Teleportation |
| 3:49 | Guard Tower |
| 3:50 | Guard Tower |
| 3:52 | Scout Tower |
| 3:54 | Scout Tower |
| 4:02 | Guard Tower |
| 4:43 | Keep |
| 4:43 | Guard Tower |
| 4:45 | Guard Tower |
| 4:56 | Brilliance Aura |
| 4:59 | Arcane Vault |
| 5:22 | Scout Tower |
| 5:22 | Scout Tower |
| 5:23 | Guard Tower |
| 5:25 | Scout Tower |
| 5:25 | Scout Tower |
| 5:26 | Scout Tower |
| 6:00 | Farm |
| 6:01 | Farm |
| 6:02 | Improved Masonry |
| 6:26 | Guard Tower |
| 6:27 | Guard Tower |
| 6:40 | Scout Tower |
| 6:40 | Scout Tower |
| 6:56 | Scout Tower |
| 6:56 | Scout Tower |
| 7:34 | Guard Tower |
| 7:34 | Guard Tower |
| 7:35 | Guard Tower |
| 7:40 | Arcane Sanctum |
| 7:54 | Guard Tower |
| 7:54 | Guard Tower |
| 8:00 | Scout Tower |
| 8:03 | Scout Tower |
| 8:04 | Blizzard |
| 8:32 | Storm Bolt |
| 8:43 | Castle |
| 8:47 | Arcane Vault |
| 9:42 | Magic Sentry |
| 9:42 | Priest |
| 9:43 | Arcane Tower |
| 9:48 | Guard Tower |
| 10:09 | Potion of Healing |
| 11:07 | Gryphon Aviary |
| 11:07 | Advanced Masonry |
| 11:09 | Staff of Sanctuary |
| 11:13 | Staff of Sanctuary |
| 12:06 | Priest Adept Training |
| 13:18 | Staff of Teleportation |
| 13:18 | Boots of Speed |
| 13:37 | Gryphon Rider |
| 13:43 | Blacksmith |
| 13:50 | Farm |
| 14:28 | Barracks |
| 14:36 | Farm |
| 14:47 | Gryphon Aviary |
| 14:50 | Imbued Masonry |
| 14:53 | Storm Hammers |
| 14:57 | Farm |
| 14:59 | Farm |
| 15:02 | Iron Forged Swords |
| 15:30 | Scout Tower |
| 15:30 | Scout Tower |
| 15:32 | Scout Tower |
| 15:32 | Scout Tower |
| 15:33 | Scout Tower |
| 15:34 | Scout Tower |
| 15:44 | Gryphon Rider |
| 16:05 | Gryphon Rider |
| 16:07 | Gryphon Rider |
| 16:08 | Gryphon Rider |
| 16:33 | Steel Forged Swords |
| 16:34 | Studded Leather Armor |
| 16:35 | Animal War Training |
| 17:12 | Guard Tower |
| 17:27 | Guard Tower |
| 17:29 | Guard Tower |
| 17:51 | Bash |
| 18:07 | Guard Tower |
| 19:31 | Arcane Tower |
| 19:33 | Scout Tower |
| 19:34 | Scout Tower |
| 19:35 | Scout Tower |
| 19:35 | Scout Tower |
| 19:38 | Scout Tower |
| 19:38 | Scout Tower |
| 19:38 | Scout Tower |
| 20:35 | Potion of Healing |
| 20:35 | Potion of Healing |
| 20:57 | Potion of Mana |
| 22:31 | Gryphon Rider |
| 22:50 | Guard Tower |
| 22:53 | Guard Tower |
| 23:38 | Brilliance Aura |
| 24:20 | Scout Tower |
| 24:20 | Scout Tower |
| 24:21 | Scout Tower |
| 24:21 | Scout Tower |
| 24:22 | Scout Tower |
| 24:23 | Scout Tower |
| 25:56 | Guard Tower |
| 26:02 | Town Hall |
| 26:06 | Scout Tower |
| 26:07 | Scout Tower |
| 26:07 | Scout Tower |
| 26:08 | Scout Tower |
| 26:08 | Scout Tower |
| 26:09 | Scout Tower |
| 26:09 | Scout Tower |
| 26:09 | Scout Tower |
| 26:10 | Scout Tower |
| 26:10 | Scout Tower |
| 26:10 | Scout Tower |
| 26:11 | Scout Tower |
| 26:11 | Scout Tower |
| 26:11 | Scout Tower |
| 26:12 | Scout Tower |
| 26:12 | Scout Tower |
| 26:12 | Scout Tower |
| 26:13 | Scout Tower |
| 26:13 | Scout Tower |
| 26:14 | Scout Tower |
| 26:15 | Scout Tower |
| 26:15 | Scout Tower |
| 26:15 | Scout Tower |
| 26:15 | Scout Tower |
| 26:16 | Scout Tower |
| 26:45 | Guard Tower |
| 27:08 | Guard Tower |
| 27:40 | Guard Tower |
| 28:19 | Storm Bolt |
| 28:42 | Peasant |
| 28:42 | Peasant |
| 28:42 | Peasant |
| 28:43 | Peasant |
| 28:43 | Peasant |
| 28:50 | Guard Tower |
| 29:07 | Scout Tower |
| 29:08 | Scout Tower |
| 29:17 | Peasant |
| 29:18 | Peasant |
| 29:18 | Peasant |
| 30:06 | Guard Tower |
| 30:09 | Guard Tower |
| 30:10 | Scout Tower |
| 30:10 | Arcane Tower |
| 30:12 | Scout Tower |
| 30:12 | Scout Tower |
| 30:40 | Guard Tower |
| 30:43 | Scout Tower |
| 30:44 | Scout Tower |
| 30:52 | Bash |
| 31:56 | Guard Tower |
| 31:59 | Scout Tower |
| 32:01 | Scout Tower |
| 32:02 | Scout Tower |
| 32:40 | Guard Tower |
| 32:56 | Guard Tower |
| 32:56 | Guard Tower |
| 34:53 | Town Hall |
| 35:46 | Scout Tower |
| 35:47 | Scout Tower |
| 35:48 | Scout Tower |
| 35:54 | Gryphon Rider |
| 36:23 | Guard Tower |
| 39:38 | Blizzard |
| 41:18 | Dragonhawk Rider |
| 41:19 | Gryphon Rider |
| 41:19 | Gryphon Rider |
| 41:19 | Gryphon Rider |
| 41:20 | Gryphon Rider |
| 41:20 | Gryphon Rider |
| 48:55 | Town Hall |
| 57:08 | Storm Bolt |
| Right click | 6486 |
| Select group | 2058 |
| Select | 985 |
| Build/train/purchase | 230 |
| Use ability | 136 |
| Chat | 40 |
| Resource trade | 32 |
| Minimap ping | 29 |
| Assign group | 27 |
| Misc. action | 18 |
| Remove unit | 4 |
| Item give/drop | 2 |



| Scroll of Regeneration | 5 | 500 |
| Staff of Sanctuary | 2 | 500 |
| Potion of Healing | 1 | 150 |
| Potion of Mana | 1 | 200 |
| Boots of Speed | 3 | 750 |
| Staff of Teleportation | 3 | 450 |
| total: | 15 | 2550g |
| Peasant | 20 | 1500 | / | 0 |
| Priest | 1 | 135 | / | 10 |
| total: | 21 | 1635g | / | 10w |
| Scout Tower | 76 | 2280 | / | 1520 |
| Arcane Tower | 7 | 490 | / | 350 |
| Guard Tower | 26 | 1820 | / | 1300 |
| Altar of Kings | 5 | 900 | / | 250 |
| Farm | 12 | 960 | / | 240 |
| Lumber Mill | 1 | 120 | / | 0 |
| Arcane Vault | 4 | 520 | / | 120 |
| Town Hall | 1 | 385 | / | 205 |
| Arcane Sanctum | 1 | 150 | / | 140 |
| Keep | 1 | 320 | / | 210 |
| Castle | 1 | 360 | / | 210 |
| total: | 100 | 5315g | / | 2475w |
| 0:02 | Peasant |
| 0:04 | Altar of Kings |
| 0:11 | Peasant |
| 0:18 | Farm |
| 0:19 | Peasant |
| 0:33 | Lumber Mill |
| 0:34 | Peasant |
| 0:50 | Peasant |
| 0:52 | Farm |
| 1:01 | Scout Tower |
| 1:08 | Peasant |
| 1:18 | Peasant |
| 1:23 | Scout Tower |
| 1:25 | Peasant |
| 1:35 | Peasant |
| 1:41 | Peasant |
| 1:54 | Scout Tower |
| 1:55 | Arcane Tower |
| 1:57 | Peasant |
| 2:02 | Arcane Tower |
| 2:14 | Blizzard |
| 2:18 | Peasant |
| 2:21 | Scout Tower |
| 2:22 | Guard Tower |
| 2:28 | Peasant |
| 3:05 | Guard Tower |
| 3:06 | Scout Tower |
| 3:07 | Scout Tower |
| 3:07 | Scout Tower |
| 3:08 | Peasant |
| 3:41 | Boots of Speed |
| 3:42 | Staff of Teleportation |
| 4:00 | Keep |
| 4:27 | Guard Tower |
| 4:31 | Arcane Vault |
| 4:46 | Farm |
| 5:26 | Improved Masonry |
| 5:40 | Brilliance Aura |
| 5:43 | Scout Tower |
| 5:44 | Scout Tower |
| 5:47 | Arcane Vault |
| 6:04 | Scroll of Regeneration |
| 6:05 | Scroll of Regeneration |
| 6:18 | Scout Tower |
| 6:19 | Scout Tower |
| 7:18 | Guard Tower |
| 7:19 | Scout Tower |
| 7:20 | Scout Tower |
| 7:35 | Guard Tower |
| 7:38 | Castle |
| 7:40 | Advanced Masonry |
| 7:40 | Improved Lumber Harvesting |
| 7:42 | Arcane Sanctum |
| 8:11 | Guard Tower |
| 8:22 | Guard Tower |
| 8:23 | Scout Tower |
| 8:24 | Scout Tower |
| 8:35 | Storm Bolt |
| 9:21 | Blizzard |
| 9:31 | Guard Tower |
| 9:38 | Scout Tower |
| 9:38 | Scout Tower |
| 9:43 | Scroll of Regeneration |
| 10:16 | Peasant |
| 10:16 | Peasant |
| 10:21 | Guard Tower |
| 10:25 | Magic Sentry |
| 10:26 | Imbued Masonry |
| 10:34 | Guard Tower |
| 10:36 | Scout Tower |
| 10:45 | Scout Tower |
| 10:46 | Scout Tower |
| 11:04 | Guard Tower |
| 11:13 | Guard Tower |
| 11:14 | Scout Tower |
| 11:18 | Scout Tower |
| 11:18 | Scout Tower |
| 11:19 | Scout Tower |
| 11:33 | Scout Tower |
| 11:39 | Advanced Lumber Harvesting |
| 11:45 | Arcane Vault |
| 11:53 | Staff of Sanctuary |
| 11:57 | Guard Tower |
| 12:01 | Guard Tower |
| 12:04 | Arcane Vault |
| 12:32 | Bash |
| 12:42 | Peasant |
| 12:42 | Peasant |
| 13:04 | Peasant |
| 13:05 | Peasant |
| 13:16 | Scout Tower |
| 13:17 | Scout Tower |
| 13:18 | Scout Tower |
| 13:19 | Scout Tower |
| 13:19 | Scout Tower |
| 13:25 | Farm |
| 13:28 | Farm |
| 13:41 | Scout Tower |
| 13:48 | Guard Tower |
| 14:11 | Priest |
| 14:15 | Guard Tower |
| 14:18 | Scout Tower |
| 14:28 | Scout Tower |
| 14:44 | Boots of Speed |
| 14:53 | Guard Tower |
| 14:55 | Scout Tower |
| 14:56 | Scout Tower |
| 14:57 | Scout Tower |
| 14:57 | Scout Tower |
| 14:58 | Scout Tower |
| 15:00 | Scout Tower |
| 15:00 | Scout Tower |
| 15:01 | Scout Tower |
| 15:01 | Scout Tower |
| 15:02 | Scout Tower |
| 15:03 | Guard Tower |
| 15:05 | Scout Tower |
| 15:06 | Scout Tower |
| 15:08 | Scout Tower |
| 15:24 | Scout Tower |
| 15:34 | Guard Tower |
| 15:44 | Guard Tower |
| 15:55 | Guard Tower |
| 15:59 | Staff of Sanctuary |
| 16:49 | Holy Light |
| 16:57 | Guard Tower |
| 17:02 | Scout Tower |
| 17:02 | Scout Tower |
| 17:08 | Scout Tower |
| 17:09 | Scout Tower |
| 17:26 | Boots of Speed |
| 17:27 | Staff of Teleportation |
| 17:35 | Guard Tower |
| 17:45 | Scout Tower |
| 17:45 | Scout Tower |
| 18:00 | Guard Tower |
| 18:17 | Scout Tower |
| 18:18 | Scout Tower |
| 19:05 | Arcane Tower |
| 19:06 | Scout Tower |
| 19:07 | Scout Tower |
| 19:07 | Scout Tower |
| 19:08 | Scout Tower |
| 19:33 | Arcane Tower |
| 20:19 | Potion of Healing |
| 20:38 | Potion of Mana |
| 20:47 | Guard Tower |
| 20:49 | Scout Tower |
| 20:50 | Scout Tower |
| 21:08 | Scout Tower |
| 21:09 | Scout Tower |
| 21:18 | Guard Tower |
| 21:23 | Scout Tower |
| 21:23 | Scout Tower |
| 21:24 | Scout Tower |
| 21:26 | Scout Tower |
| 21:26 | Scout Tower |
| 22:09 | Scout Tower |
| 22:09 | Scout Tower |
| 22:29 | Altar of Kings |
| 22:30 | Farm |
| 22:31 | Farm |
| 22:44 | Arcane Tower |
| 22:53 | Scout Tower |
| 22:54 | Scout Tower |
| 22:54 | Scout Tower |
| 22:55 | Scout Tower |
| 23:32 | Altar of Kings |
| 23:33 | Farm |
| 23:33 | Farm |
| 23:57 | Scout Tower |
| 23:58 | Scout Tower |
| 25:13 | Brilliance Aura |
| 25:26 | Scroll of Regeneration |
| 25:28 | Divine Shield |
| 25:40 | Altar of Kings |
| 26:48 | Altar of Kings |
| 26:49 | Farm |
| 26:50 | Farm |
| 26:50 | Farm |
| 26:52 | Arcane Tower |
| 27:18 | Holy Light |
| 31:33 | Storm Bolt |
| 34:46 | Divine Shield |
| 50:14 | Bash |
| 51:25 | Town Hall |
| 55:45 | Scroll of Regeneration |
| 56:38 | Staff of Teleportation |
| 57:58 | Arcane Tower |
| 60:32 | Holy Light |
| 60:33 | Blizzard |
| Right click | 4597 |
| Select group | 1956 |
| Assign group | 821 |
| Select | 639 |
| Use ability | 242 |
| Build/train/purchase | 176 |
| Misc. action | 48 |
| Chat | 35 |
| Resource trade | 31 |
| Item give/drop | 5 |
| Minimap ping | 5 |
218 units @ 33.4k
/ 5.9k
61 buildings @ 10.4k
/ 4.2k


| Healing Salve | 1 | 100 |
| Scroll of Speed | 2 | 100 |
| Scroll of Town Portal | 3 | 1050 |
| Potion of Lesser Invulnerability | 1 | 150 |
| total: | 7 | 1400g |
| Peon | 22 | 1650 | / | 0 |
| Troll Headhunter | 16 | 2240 | / | 320 |
| Troll Witch Doctor | 8 | 1160 | / | 200 |
| Troll Berserker | 23 | 3220 | / | 460 |
| Shaman | 10 | 1300 | / | 200 |
| Demolisher | 8 | 1760 | / | 400 |
| total: | 87 | 11330g | / | 1580w |
| Watch Tower | 4 | 440 | / | 320 |
| Altar of Storms | 1 | 180 | / | 50 |
| Orc Burrow | 15 | 2400 | / | 600 |
| Barracks | 1 | 180 | / | 50 |
| War Mill | 1 | 205 | / | 0 |
| Voodoo Lounge | 2 | 260 | / | 60 |
| Great Hall | 3 | 1155 | / | 555 |
| Spirit Lodge | 2 | 300 | / | 300 |
| Stronghold | 2 | 630 | / | 380 |
| Fortress | 1 | 325 | / | 190 |
| total: | 29 | 5120g | / | 1935w |
| 0:02 | Peon |
| 0:02 | Peon |
| 0:08 | Altar of Storms |
| 0:14 | Orc Burrow |
| 0:17 | Peon |
| 0:41 | Peon |
| 0:57 | Barracks |
| 1:07 | War Mill |
| 1:15 | Peon |
| 1:22 | Peon |
| 1:36 | Orc Burrow |
| 1:42 | Peon |
| 1:49 | Peon |
| 1:58 | Voodoo Lounge |
| 2:09 | Endurance Aura |
| 2:26 | Troll Headhunter |
| 2:36 | Troll Headhunter |
| 2:42 | Orc Burrow |
| 2:59 | Troll Headhunter |
| 3:16 | Healing Salve |
| 3:27 | Troll Headhunter |
| 3:41 | Troll Headhunter |
| 4:02 | Troll Headhunter |
| 4:16 | Stronghold |
| 4:21 | War Stomp |
| 4:31 | Troll Headhunter |
| 5:07 | Troll Headhunter |
| 5:10 | Orc Burrow |
| 5:27 | Troll Headhunter |
| 6:02 | Troll Headhunter |
| 6:42 | War Stomp |
| 6:56 | Spirit Lodge |
| 7:13 | Fortress |
| 7:17 | Spirit Lodge |
| 7:18 | Troll Headhunter |
| 7:52 | Scroll of Speed |
| 7:58 | Healing Wave |
| 8:01 | Orc Burrow |
| 8:04 | Steel Ranged Weapons |
| 8:07 | Endurance Aura |
| 8:08 | Endurance Aura |
| 8:14 | Troll Witch Doctor |
| 8:42 | Troll Witch Doctor |
| 8:45 | Witch Doctor Adept Training |
| 8:58 | Hex |
| 9:41 | Troll Witch Doctor |
| 10:32 | Troll Headhunter |
| 10:32 | Troll Headhunter |
| 10:32 | Troll Headhunter |
| 10:35 | Witch Doctor Master Training |
| 11:05 | Troll Headhunter |
| 11:06 | Troll Witch Doctor |
| 11:12 | Healing Wave |
| 11:16 | Troll Headhunter |
| 11:18 | Berserker Upgrade |
| 11:19 | Orc Burrow |
| 11:34 | Shaman Adept Training |
| 12:41 | Troll Berserker |
| 12:41 | Troll Berserker |
| 13:10 | Troll Berserker |
| 13:10 | Troll Berserker |
| 13:10 | Troll Berserker |
| 13:16 | Shaman Master Training |
| 13:18 | Shaman |
| 14:03 | War Stomp |
| 14:45 | Shaman |
| 14:46 | Shaman |
| 14:47 | Troll Berserker |
| 14:48 | Troll Berserker |
| 14:49 | Thorium Ranged Weapons |
| 15:52 | Shaman |
| 15:53 | Shaman |
| 15:54 | Orc Burrow |
| 16:25 | Shaman |
| 16:26 | Arcanite Ranged Weapons |
| 16:27 | Steel Armor |
| 17:05 | Troll Berserker |
| 17:05 | Troll Berserker |
| 17:13 | Troll Witch Doctor |
| 17:16 | Troll Witch Doctor |
| 18:42 | Troll Berserker |
| 19:31 | Troll Berserker |
| 19:32 | Thorium Armor |
| 19:33 | Orc Burrow |
| 19:34 | Orc Burrow |
| 20:41 | Troll Berserker |
| 20:55 | Hex |
| 21:25 | Reinforced Defenses |
| 21:27 | Shaman |
| 21:27 | Shaman |
| 21:28 | Shaman |
| 21:28 | Troll Witch Doctor |
| 21:29 | Troll Witch Doctor |
| 22:30 | Reincarnation |
| 22:32 | Healing Wave |
| 22:50 | Scroll of Town Portal |
| 22:50 | Potion of Lesser Invulnerability |
| 23:15 | Troll Berserker |
| 23:56 | Arcanite Armor |
| 25:58 | Big Bad Voodoo |
| 27:49 | Great Hall |
| 28:01 | Endurance Aura |
| 30:12 | Great Hall |
| 32:44 | Peon |
| 32:44 | Peon |
| 33:55 | Troll Berserker |
| 33:55 | Troll Berserker |
| 34:32 | Shaman |
| 34:38 | Troll Berserker |
| 34:39 | Troll Berserker |
| 35:44 | Demolisher |
| 35:44 | Demolisher |
| 35:46 | Burning Oil |
| 36:43 | Peon |
| 36:43 | Peon |
| 36:43 | Peon |
| 38:04 | Demolisher |
| 38:04 | Demolisher |
| 38:44 | Peon |
| 38:44 | Peon |
| 39:49 | Demolisher |
| 39:49 | Demolisher |
| 40:46 | Demolisher |
| 40:46 | Demolisher |
| 41:51 | Peon |
| 42:23 | Watch Tower |
| 42:26 | Orc Burrow |
| 42:26 | Peon |
| 42:26 | Peon |
| 42:29 | Watch Tower |
| 42:31 | Watch Tower |
| 42:58 | Peon |
| 43:00 | Watch Tower |
| 45:14 | Hex |
| 47:15 | Scroll of Town Portal |
| 47:18 | Shockwave |
| 47:44 | Troll Berserker |
| 47:44 | Troll Berserker |
| 47:44 | Troll Berserker |
| 48:17 | Peon |
| 48:17 | Peon |
| 48:19 | Peon |
| 51:00 | Scroll of Town Portal |
| 52:38 | Troll Berserker |
| 52:38 | Troll Berserker |
| 52:51 | Voodoo Lounge |
| 53:13 | Troll Berserker |
| 54:50 | Great Hall |
| 55:22 | Orc Burrow |
| 55:25 | Orc Burrow |
| 55:46 | Orc Burrow |
| 57:38 | Orc Burrow |
| 57:53 | Orc Burrow |
| 58:08 | Scroll of Speed |
| 58:26 | Stronghold |
| Right click | 6019 |
| Select group | 3072 |
| Select | 1257 |
| Use ability | 213 |
| Build/train/purchase | 205 |
| Misc. action | 170 |
| Assign group | 64 |
| Minimap ping | 20 |
| Resource trade | 13 |
| Remove unit | 4 |
| Chat | 4 |
| Item give/drop | 3 |


| Wisp | 16 | 960 | / | 0 |
| Archer | 3 | 390 | / | 30 |
| Huntress | 11 | 2145 | / | 220 |
| Glaive Thrower | 15 | 3150 | / | 975 |
| total: | 45 | 6645g | / | 1225w |
| Altar of Elders | 1 | 180 | / | 50 |
| Moon Well | 8 | 1440 | / | 320 |
| Ancient of War | 2 | 300 | / | 120 |
| Hunter's Hall | 1 | 210 | / | 100 |
| Ancient of Lore | 1 | 155 | / | 145 |
| Tree of Ages | 1 | 320 | / | 180 |
| total: | 13 | 2285g | / | 735w |
| 0:03 | Altar of Elders |
| 0:03 | Wisp |
| 0:04 | Wisp |
| 0:19 | Moon Well |
| 0:28 | Wisp |
| 0:40 | Ancient of War |
| 0:48 | Wisp |
| 0:54 | Wisp |
| 1:21 | Wisp |
| 1:26 | Wisp |
| 1:39 | Moon Well |
| 1:47 | Archer |
| 2:05 | Hunter's Hall |
| 2:08 | Immolation |
| 2:38 | Archer |
| 2:38 | Archer |
| 3:03 | Ancient of War |
| 3:19 | Ultravision |
| 3:52 | Huntress |
| 3:52 | Huntress |
| 3:56 | Moon Well |
| 4:23 | Evasion |
| 4:27 | Huntress |
| 4:37 | Huntress |
| 5:20 | Huntress |
| 5:21 | Huntress |
| 5:56 | Tree of Ages |
| 6:27 | Glaive Thrower |
| 6:43 | Glaive Thrower |
| 7:08 | Glaive Thrower |
| 7:29 | Glaive Thrower |
| 7:34 | Moon Well |
| 8:04 | Immolation |
| 8:09 | Glaive Thrower |
| 8:11 | Moon Well |
| 8:30 | Glaive Thrower |
| 8:30 | Glaive Thrower |
| 8:32 | Vorpal Blades |
| 8:55 | Huntress |
| 8:56 | Huntress |
| 9:15 | Evasion |
| 10:11 | Glaive Thrower |
| 10:11 | Glaive Thrower |
| 11:15 | Glaive Thrower |
| 13:12 | Entangling Roots |
| 14:55 | Wisp |
| 14:55 | Wisp |
| 14:55 | Wisp |
| 14:55 | Wisp |
| 15:00 | Moon Well |
| 15:01 | Moon Well |
| 15:02 | Moon Well |
| 15:50 | Wisp |
| 15:50 | Wisp |
| 16:03 | Ancient of Lore |
| 16:10 | Wisp |
| 16:10 | Wisp |
| 16:10 | Wisp |
| 17:00 | Huntress |
| 17:00 | Huntress |
| 17:01 | Huntress |
| 17:15 | Strength of the Moon |
| 17:30 | Glaive Thrower |
| 17:30 | Glaive Thrower |
| 17:30 | Glaive Thrower |
| 18:08 | Glaive Thrower |
| 18:31 | Improved Strength of the Moon |
| 19:33 | Glaive Thrower |
| 21:07 | Force of Nature |
| 22:13 | Force of Nature |
| 25:13 | Immolation |
| 26:00 | Entangling Roots |
| 30:37 | Force of Nature |
| 44:26 | Tranquility |
| Right click | 4221 |
| Select | 591 |
| Select group | 319 |
| Build/train/purchase | 131 |
| Minimap ping | 122 |
| Use ability | 82 |
| Misc. action | 53 |
| Resource trade | 50 |
| Assign group | 37 |
| Remove unit | 6 |
| Item give/drop | 1 |


| Rod of Necromancy | 1 | 150 |
| Ritual Dagger | 1 | 125 |
| Scroll of Town Portal | 1 | 350 |
| Circlet of Nobility | 1 | 175 |
| total: | 4 | 800g |
| Acolyte | 40 | 3000 | / | 0 |
| Ghoul | 4 | 480 | / | 0 |
| Crypt Fiend | 13 | 2795 | / | 520 |
| Obsidian Statue | 2 | 400 | / | 70 |
| Frost Wyrm | 19 | 7315 | / | 2280 |
| Gargoyle | 8 | 1400 | / | 240 |
| total: | 86 | 15390g | / | 3110w |
| Nerubian Tower | 1 | 100 | / | 20 |
| Spirit Tower | 2 | 290 | / | 80 |
| Graveyard | 1 | 215 | / | 0 |
| Crypt | 2 | 400 | / | 100 |
| Altar of Darkness | 1 | 180 | / | 50 |
| Ziggurat | 9 | 1350 | / | 450 |
| Tomb of Relics | 1 | 130 | / | 30 |
| Slaughterhouse | 1 | 140 | / | 135 |
| Sacrificial Pit | 1 | 75 | / | 150 |
| Boneyard | 3 | 525 | / | 600 |
| Halls of the Dead | 1 | 320 | / | 210 |
| Black Citadel | 1 | 325 | / | 230 |
| total: | 19 | 3015g | / | 1515w |
| 0:04 | Acolyte |
| 0:06 | Graveyard |
| 0:09 | Crypt |
| 0:19 | Acolyte |
| 0:40 | Altar of Darkness |
| 0:56 | Ziggurat |
| 1:12 | Ghoul |
| 1:24 | Tomb of Relics |
| 1:48 | Nerubian Tower |
| 1:48 | Ghoul |
| 2:01 | Ziggurat |
| 2:22 | Crypt Fiend |
| 2:46 | Rod of Necromancy |
| 2:48 | Death Coil |
| 2:59 | Crypt Fiend |
| 3:28 | Crypt Fiend |
| 3:43 | Crypt Fiend |
| 4:03 | Ziggurat |
| 4:18 | Ritual Dagger |
| 4:29 | Creature Attack |
| 4:42 | Halls of the Dead |
| 5:10 | Crypt Fiend |
| 5:37 | Crypt Fiend |
| 5:39 | Improved Creature Attack |
| 5:41 | Unholy Aura |
| 6:06 | Ziggurat |
| 6:38 | Crypt Fiend |
| 6:50 | Circlet of Nobility |
| 7:28 | Crypt Fiend |
| 7:30 | Web |
| 7:55 | Slaughterhouse |
| 7:58 | Death Coil |
| 8:05 | Frost Nova |
| 8:16 | Crypt Fiend |
| 8:17 | Advanced Creature Attack |
| 8:29 | Black Citadel |
| 8:50 | Crypt Fiend |
| 8:52 | Creature Carapace |
| 8:56 | Unholy Aura |
| 9:25 | Ziggurat |
| 10:31 | Dark Ritual |
| 10:32 | Crypt Fiend |
| 10:41 | Obsidian Statue |
| 10:44 | Ziggurat |
| 11:21 | Acolyte |
| 11:21 | Acolyte |
| 11:21 | Acolyte |
| 11:26 | Acolyte |
| 11:35 | Acolyte |
| 11:46 | Destroyer Form |
| 12:48 | Crypt Fiend |
| 13:02 | Crypt Fiend |
| 13:12 | Obsidian Statue |
| 13:15 | Ziggurat |
| 13:33 | Sacrificial Pit |
| 14:28 | Boneyard |
| 14:29 | Boneyard |
| 14:53 | Boneyard |
| 15:08 | Ziggurat |
| 15:17 | Ziggurat |
| 16:04 | Freezing Breath |
| 16:18 | Frost Wyrm |
| 16:53 | Frost Wyrm |
| 17:08 | Frost Wyrm |
| 17:10 | Frost Wyrm |
| 17:14 | Ghoul |
| 17:14 | Ghoul |
| 18:03 | Acolyte |
| 18:04 | Acolyte |
| 18:04 | Acolyte |
| 18:04 | Acolyte |
| 18:04 | Acolyte |
| 18:11 | Frost Wyrm |
| 18:12 | Frost Wyrm |
| 19:13 | Frost Wyrm |
| 20:40 | Frost Wyrm |
| 20:40 | Frost Wyrm |
| 21:23 | Improved Creature Carapace |
| 21:53 | Frost Wyrm |
| 23:31 | Frost Wyrm |
| 23:57 | Spirit Tower |
| 23:59 | Spirit Tower |
| 27:02 | Frost Wyrm |
| 27:37 | Frost Wyrm |
| 28:17 | Frost Wyrm |
| 28:49 | Frost Wyrm |
| 30:41 | Death Coil |
| 31:20 | Acolyte |
| 31:20 | Acolyte |
| 31:20 | Acolyte |
| 31:20 | Acolyte |
| 31:21 | Acolyte |
| 32:51 | Acolyte |
| 32:51 | Acolyte |
| 32:52 | Acolyte |
| 33:37 | Acolyte |
| 33:38 | Acolyte |
| 33:43 | Frost Wyrm |
| 35:16 | Acolyte |
| 35:16 | Acolyte |
| 35:16 | Acolyte |
| 35:39 | Frost Wyrm |
| 36:42 | Acolyte |
| 36:43 | Acolyte |
| 37:28 | Frost Wyrm |
| 37:29 | Frost Wyrm |
| 38:00 | Acolyte |
| 38:00 | Acolyte |
| 38:16 | Acolyte |
| 38:16 | Acolyte |
| 39:34 | Acolyte |
| 39:34 | Acolyte |
| 39:35 | Acolyte |
| 39:51 | Acolyte |
| 41:19 | Acolyte |
| 41:26 | Acolyte |
| 41:26 | Acolyte |
| 41:56 | Animate Dead |
| 42:31 | Advanced Creature Carapace |
| 46:07 | Gargoyle |
| 46:07 | Gargoyle |
| 46:07 | Gargoyle |
| 46:08 | Gargoyle |
| 46:13 | Acolyte |
| 47:36 | Gargoyle |
| 47:48 | Acolyte |
| 48:10 | Gargoyle |
| 48:44 | Gargoyle |
| 50:55 | Crypt |
| 51:08 | Gargoyle |
| 56:50 | Scroll of Town Portal |
| Right click | 2707 |
| Select group | 906 |
| Select | 571 |
| Build/train/purchase | 122 |
| Misc. action | 87 |
| Use ability | 76 |
| Assign group | 54 |
| Resource trade | 37 |
| Minimap ping | 6 |
| Remove unit | 5 |
| Item give/drop | 1 |